 Seeded DCSS version 0.29-a0-925-g0a7a3d12f8 (webtiles) character file.

Game seed: 1973 (custom seed)

54 Kazon the Chopper (level 3, -1/33 HPs)
             Began as a Hill Orc Monk on July 28, 2022.
             Slain by a gnoll
             ... wielding a +0 spear
              (6 damage)
             ... on level 2 of the Dungeon.
             The game lasted 00:05:33 (1410 turns).

Kazon the Chopper (Hill Orc Monk)                   Turns: 1410, Time: 00:05:34

Health: -1/33      AC:  4    Str: 15    XL:     3   Next: 91%
Magic:  3/3        EV: 12    Int: 10    God:
Gold:   95         SH:  0    Dex: 13    Spells: 2/2 levels left

rFire   . . .      SeeInvis +   a - +0 hand axe
rCold   . . .      Faith    .   (no shield)
rNeg    . . .      Spirit   .   b - +0 robe
rPois   .          Reflect  .   (no helmet)
rElec   .          Harm     .   (no cloak)
rCorr   .          Rampage  .   (no gloves)
Will    .....                   (no boots)
Stlth   +++.......              (no amulet)
HPRegen 0.11/turn               i - ring of see invisible
MPRegen 0.08/turn               (no ring)

@: no status effects
A: iridescent scales 1, camouflage 1
a: no special abilities


You were on level 2 of the Dungeon.
You visited 1 branch of the dungeon, and saw 2 of its levels.

You collected 95 gold pieces.

Inventory:

Hand Weapons
 a - a +0 hand axe (weapon)
Missiles
 d - 4 stones (quivered)
 e - 3 throwing nets
Armour
 b - a +0 robe (worn)
Jewellery
 i - a ring of see invisible (left hand)
Potions
 c - a potion of ambrosia
 f - a potion of magic {unknown}
 g - 3 potions of curing {unknown}


   Skills:
 + Level 4.1 Fighting
 + Level 4.9 Axes
 + Level 2.9 Dodging
 + Level 2.0 Stealth


You had 2 spell levels left.
You didn't know any spells.
Your spell library was empty.

Dungeon Overview and Level Annotations

Branches:
Dungeon (2/15)

Altars:


Innate Abilities, Weirdness & Mutations

You are partially covered in iridescent scales. (AC +2)
Your skin changes colour to match your surroundings (Stealth+).


Message History

You see here a +0 short sword.
You hit the goblin.
You kill the goblin!
Things that are here:
a +0 dagger; a goblin corpse Search for what [? for help]? armor Unknown command.
You see here 9 gold pieces.
You now have 95 gold pieces (gained 9).
A quokka comes into view.
The quokka bites you but does no damage.
The quokka barely misses you.
You completely miss the quokka. The quokka bites you.
The gnoll shouts!
You hit the quokka.
The quokka is lightly wounded.
The quokka barely misses you.
The gnoll hits you from afar with a +0 spear.
You hit the quokka.
You kill the quokka!
The gnoll hits you from afar with a +0 spear.
The gnoll barely misses you.
You hit the gnoll but do no damage. The gnoll hits you with a +0 spear.
You hit the gnoll.
The gnoll is moderately wounded.
The gnoll barely misses you.
You hit the gnoll but do no damage.
The gnoll is moderately wounded.
The gnoll hits you with a +0 spear.
You hit the gnoll.
The gnoll is almost dead.
The gnoll hits you with a +0 spear!
* * * LOW HITPOINT WARNING * * *
You closely miss the gnoll. You punch the gnoll, but do no damage.
The gnoll is almost dead.
The gnoll misses you.
You hit the gnoll.
The gnoll is almost dead.
The gnoll hits you with a +0 spear.
You die...

*###########.............#
*...>....)†..###########.#
*.#########†.# #...####.####
*,* #....####...........) *,*
#.#.#...........†...# *,*
**##.#..#.###.#####.##.# *,*
*,,............# #.##.# *,*
*,##.#g.#.##...####.##.# *,*
*,*#.#.@..........#.##.#
*,****!,..#.#.#...#.##.#.##.#
*,**,,........##..#.##.#.##.#
*,,,,,>.....####.............
****,*##..##* ##.###........
*,,* #....#####.##.###.....
*,** #........)....# #.....
*,* #.##.#w######.###.....
*******,**##.##....#*
#..........


You could see a gnoll.

Vanquished Creatures
  2 gnolls (D:1)
  A dart slug (D:2)
  3 bats
  4 giant cockroaches (D:1)
  4 jackals (D:2)
  A quokka (D:2)
  5 ball pythons
  5 frilled lizards (D:1)
  2 goblins
  5 kobolds
  3 rats (D:1)
35 creatures vanquished.

Notes
Turn   | Place    | Note
-------+----------+-------------------------------------------
     0 | D:1      | Kazon the Hill Orc Monk began the quest for the Orb.
     0 | D:1      | Reached XP level 1. HP: 19/19 MP: 1/1
   294 | D:1      | Reached XP level 2. HP: 27/27 MP: 2/2
   702 | D:1      | Gained mutation: Your skin changes colour to match your
                  | surroundings (Stealth+). [potion of mutation]
   702 | D:1      | Gained mutation: You are partially covered in iridescent
                  | scales. (AC +2) [potion of mutation]
   874 | D:1      | Reached XP level 3. HP: 28/33 MP: 3/3
  1410 | D:2      | Slain by a gnoll

Illustrated notes

Levels and vault maps discovered:
D:1:      dpeg_arrival_tiny_f, layout_basic
D:2:      layout_loops_ring, dreamdust_ecumenical_altar_angels_and_demons,
          serial_shops, shop

Skill      XL: |  1  2  3 |
---------------+----------+-----
Fighting       | 4 |  4.1
Stealth        | 2 |  2.0
Axes           | |  4.9
Dodging        | |  2.9

Action                   || total
-------------------------++-------
Melee: Hand axe          ||   107
       Punch             ||     2
Throw: Throwing net      ||     1
       Stone             ||     4
  Use: Scroll            ||     2
       Potion            ||     1
 Stab: Sleeping          ||     4
Armor: Robe              ||    22
Dodge: Dodged            ||    64

Table legend: (Time is in decaauts)
 A = Elapsed time spent in this place.
 B = Non-inter-level travel time spent in this place.
 C = Inter-level travel time spent in this place.
 D = Time resting spent in this place.
 E = Time spent auto-exploring this place.
 F = Levels seen in this place.
 G = Mean time per level.
                   A        B        C        D        E       F      G
               +--------+--------+--------+--------+--------+-----+--------+
         Total |   1418 |   1418 |      0 |    229 |    527 |   2 |  709.0 |
       Dungeon |   1418 |   1418 |      0 |    229 |    527 |   2 |  709.0 |
               +--------+--------+--------+--------+--------+-----+--------+

Top non-repeatable levels by time:
     D:1: 1191 daAuts
     D:2: 227 daAuts
